 Dungeon Crawl Stone Soup version 0.28-a0-1415-g7c84da036a (webtiles) character file.

Game seed: 14111459710914417002

77 Hasart the Sneak (level 4, -3/24 HPs)
             Began as a Kobold Enchanter on Jan 7, 2022.
             Killed from afar by an orc wizard (5 damage)
             ... with a magic dart
             ... on level 3 of the Dungeon.
             The game lasted 00:04:19 (2305 turns).

Hasart the Sneak (Kobold Enchanter)                 Turns: 2305, Time: 00:04:20

Health: -3/24      AC:  2    Str:  5    XL:     4   Next: 60%
Magic:  1/8        EV: 15    Int: 18    God:
Gold:   91         SH:  0    Dex: 15    Spells: 3/8 levels left

rFire   . . .      SeeInvis .   a - +1 dagger
rCold   . . .      Faith    .   (no shield)
rNeg    . . .      Spirit   .   b - +0 robe
rPois   .          Reflect  .   (no helmet)
rElec   .          Harm     .   (no cloak)
rCorr   .          Rampage  .   (no gloves)
Will    .....                   (no boots)
Stlth   ++++......              (no amulet)
HPRegen 0.08/turn               (no ring)
MPRegen 0.11/turn               (no ring)

@: no status effects
A: small, no large weapons, nightstalker 3
a: no special abilities


You were on level 3 of the Dungeon.
You visited 1 branch of the dungeon, and saw 3 of its levels.

You collected 91 gold pieces.

Inventory:

Hand Weapons
 a - a +1 dagger (weapon)
Missiles
 i - 4 curare-tipped darts (quivered)
Armour
 b - a +0 robe (worn)
Scrolls
 d - a scroll of immolation {unknown}
 f - a scroll of teleportation {unknown}
 h - 2 scrolls of identify {unknown}
 k - 4 scrolls of noise {unknown}
 l - a scroll of fog {unknown}
Potions
 c - a potion of invisibility
 e - 3 potions of brilliance {unknown}
 g - a potion of attraction {unknown}
 j - 2 potions of flight {unknown}


   Skills:
 + Level 2.5 Short Blades
 + Level 3.2 Dodging
 + Level 4.6 Stealth
 + Level 2.7 Spellcasting
 * Level 3.6 Hexes


You had 3 spell levels left.
You knew the following spells:

 Your Spells              Type           Power      Damage    Failure   Level
a - Ensorcelled Hibernat  Hex/Ice        18%        N/A       12%         2
b - Confusing Touch       Hex            15%        N/A       11%         3

Your spell library contained the following spells:

 Spells                   Type           Power      Damage    Failure   Level
 Tukima's Dance           Hex            15%        N/A       11%         3
 Dazzling Flash           Conj/Hex       18%        N/A       24%         3
 Ignite Poison            Fire/Tmut/Pois 2%         N/A       45%         3
 Mephitic Cloud           Conj/Pois/Air  2%         N/A       45%         3
 Freezing Cloud           Conj/Ice/Air   1%         6-21      99%         5


Dungeon Overview and Level Annotations

Branches:
Dungeon (3/15)

Altars:


Innate Abilities, Weirdness & Mutations

You are small and have problems with some larger weapons.
You are completely attuned to the shadows.


Message History

Aim: an orc priest, wielding a +0 dagger and wearing a +0 chain mail (chance to affect: 43%) Nothing appears to happen.
You hit something but do no damage. Something hits you but does no damage.
You closely miss something.
The orc priest invokes the aid of Beogh against you.
Something writhes in agony!
Something hits you.
Casting: Ensorcelled Hibernation (safe; 12% risk of failure)
Confirm with . or Enter, or press ? or * to list all spells.
Aiming: Ensorcelled Hibernation (safe; 12% risk of failure)
Press: ? - help, Shift-Dir - straight line, f/p - orc priest
Aim: an orc priest, wielding a +0 dagger and wearing a +0 chain mail (chance to affect: 43%) Nothing appears to happen.
Something hits you.
You closely miss something. Something barely misses you.
You closely miss something.
The orc priest casts a cantrip, but nothing happens.
Something barely misses you.
You hit something but do no damage.
You hear some strange, mumbled words.
A magic dart appears from out of thin air!
The magic dart hits you!
You miss something.
The orc priest looks satisfied for a moment.
Something hits you.
* * * LOW HITPOINT WARNING * * *
You hit something. Something hits you.
* * * LOW HITPOINT WARNING * * *
Casting: Ensorcelled Hibernation (safe; 12% risk of failure)
Confirm with . or Enter, or press ? or * to list all spells.
Aiming: Ensorcelled Hibernation (safe; 12% risk of failure)
Press: ? - help, Shift-Dir - straight line, f/p - orc priest
Aim: an orc priest, wielding a +0 dagger and wearing a +0 chain mail (chance to affect: 43%) Nothing appears to happen.
Something hits you.
* * * LOW HITPOINT WARNING * * *
Unknown command.
You barely miss something. You barely miss something.
You hear some strange, mumbled words.
A magic dart appears from out of thin air!
The magic dart hits you.
You die... ## ##################... ................@{o.. ##################... # .. # # # # # # #

You could see an orc priest.

Vanquished Creatures
  A gnoll (D:1)
  3 adders (D:2)
  A worm (D:2)
  A dart slug (D:1)
  2 orcs
  3 endoplasms
  6 hobgoblins
  7 ball pythons
  2 bats
  4 frilled lizards
  3 goblins (D:2)
  A kobold (D:2)
  2 rats
36 creatures vanquished.

Vanquished Creatures (others)
  4 plants (D:2)
4 creatures vanquished.

Grand Total: 40 creatures vanquished

Notes
Turn   | Place    | Note
-------+----------+-------------------------------------------
     0 | D:1      | Hasart the Kobold Enchanter began the quest for the Orb.
     0 | D:1      | Reached XP level 1. HP: 10/10 MP: 3/3
   210 | D:1      | Reached XP level 2. HP: 15/15 MP: 5/5
   213 | D:1      | Learned a level 2 spell: Ensorcelled Hibernation
   480 | D:1      | Reached XP level 3. HP: 19/19 MP: 6/6
   602 | D:1      | Found a faded altar of an unknown god.
   841 | D:2      | Reached XP level 4. HP: 13/24 MP: 7/7
   999 | D:2      | Learned a level 3 spell: Confusing Touch
  2303 | D:3      | HP: 1/24 [something (3)]
  2305 | D:3      | Killed from afar by an orc wizard

Illustrated notes

Levels and vault maps discovered:
D:1:      dpeg_arrival_stone_temple_mockup, layout_loops_ring,
          shapermc_ecumenical_altar_mp_vishouse, amethyst_killhole
D:2:      layout_loops_cross, grunt_decor_fettered, minmay_misc_feat_enclosed,
          minivault_5, minmay_shallow_snake_nest
D:3:      layout_basic, chequers_arboretum, grunt_ministairs_7,
          serial_bayou_ford_a, minmay_fractal_squares_5

Skill      XL: |  1  2  3 |
---------------+----------+-----
Short Blades   | 2 |  2.5
Dodging        | 3 |  3.2
Stealth        | |  4.6
Spellcasting   | |  2.7
Hexes          | |  3.6

Action                   |  1- 3 |  4- 6 || total
-------------------------+-------+-------++-------
Melee: Dagger            |    37 |    59 ||    96
       Punch             |     1 |       ||     1
 Cast: Ensorcelled Hiber |     3 |    12 ||    15
 Stab: Sleeping          |    16 |    10 ||    26
Armor: Robe              |     3 |     3 ||     6
Dodge: Dodged            |    25 |    36 ||    61

Table legend: (Time is in decaauts)
 A = Elapsed time spent in this place.
 B = Non-inter-level travel time spent in this place.
 C = Inter-level travel time spent in this place.
 D = Time resting spent in this place.
 E = Time spent auto-exploring this place.
 F = Levels seen in this place.
 G = Mean time per level.
                   A        B        C        D        E       F      G
               +--------+--------+--------+--------+--------+-----+--------+
         Total |   2293 |   2244 |     49 |     62 |   1885 |   3 |  764.3 |
       Dungeon |   2293 |   2244 |     49 |     62 |   1885 |   3 |  764.3 |
               +--------+--------+--------+--------+--------+-----+--------+

Top non-repeatable levels by time:
     D:2: 1532 daAuts
     D:1: 645 daAuts
     D:3: 116 daAuts
